 Dungeon Crawl Stone Soup version 0.19.5 (webtiles) character file.

13886 Gargoyl the Cleaver (level 12, 0/102 HPs)
             Began as a Ghoul Abyssal Knight on Mar 3, 2017.
             Was a High Priest of Lugonu.
             Slain by a crocodile (6 damage)
             ... on level 2 of the Lair of Beasts.
             The game lasted 00:42:54 (13111 turns).

Gargoyl the Cleaver (Ghoul Abyssal Knight)         Turns: 13111, Time: 00:42:55

Health: 0/102      AC: 26    Str: 17    XL:     12   Next: 10%
Magic:  17/17      EV:  8    Int:  7    God:    Lugonu [*****.]
Gold:   791        SH:  0    Dex: 12    Spells: 0 memorised, 11 levels left

rFire  . . .     SeeInvis .     G - +3 battleaxe
rCold  + + .     Gourm    .     l - +1 chain mail {rC+}
rNeg   + + +     Faith    .     (shield currently unavailable)
rPois  ∞         Spirit   .     h - +2 helmet
rElec  .         Reflect  .     D - +2 cloak {+Inv}
rCorr  .         Harm     .     o - +2 pair of gloves
MR     .....                    j - +2 pair of boots {Fly}
Stlth  ..........               (no amulet)
                                (no ring)
                                (no ring)

@: flying, very slightly contaminated, rotting, invisible (expiring)
A: rotting body, claws 1, carnivore 3, cold resistance 1, negative energy
resistance 3, slow regeneration 1, torment resistance, unbreathing
a: Depart the Abyss, Bend Space, Banish, Corrupt, Enter the Abyss, Renounce
Religion, Turn Visible, Stop Flying


You were on level 2 of the Lair of Beasts.
You worshipped Lugonu.
Lugonu was extremely pleased with you.
You were not hungry.

You visited 2 branches of the dungeon, and saw 12 of its levels.
You visited the Abyss 1 time.
You also visited: Sewer.

You collected 791 gold pieces.

Inventory:

Hand Weapons
 a - the +1 trident "Kec Duy" {antimagic, rElec Int+6 SInv}
   (You found it on level 2 of the Lair of Beasts)

   It reduces the magical energy of the wielder, and disrupts the spells and
   magical abilities of those hit.
   Natural abilities and divine invocations are not affected.
   It affects your intelligence (+6).
   It insulates you from electricity.
   It lets you see invisible.
 f - a +2 war axe
 y - a +1 flail of venom
 F - a +1 spear of venom
 G - a +3 battleaxe (weapon)
Missiles
 s - 4 javelins (quivered)
Armour
 h - a +2 helmet (worn)
 j - a +2 pair of boots of flying (worn)
 l - a +1 chain mail of cold resistance (worn)
 o - a +2 pair of gloves (worn)
 D - a +2 cloak of invisibility (worn)
Jewellery
 r - an uncursed ring of ice
Wands
 b - a wand of lightning (9/15)
 e - a wand of paralysis (2/24)
 x - a wand of confusion (21/48)
 H - a wand of paralysis (20/24)
Scrolls
 i - 3 scrolls of blinking
 m - a scroll of identify
 n - 4 scrolls of remove curse
 q - 4 scrolls of fog
 t - a scroll of teleportation
 w - 2 scrolls of magic mapping
 z - a scroll of amnesia
 B - a scroll of summoning
 E - 2 scrolls of fear
 I - 2 scrolls of torment
Potions
 k - 4 potions of magic
 u - a potion of degeneration {unknown}
 A - a potion of curing
 C - a potion of heal wounds
 J - a potion of might
 K - a potion of brilliance
 L - a potion of berserk rage {unknown}
Books
 d - a book of Minor Magic

   Spells                             Type                      Level
   a - Magic Dart                     Conjuration                  1
   b - Blink                          Translocation                2
   c - Call Imp                       Summoning                    2
   d - Repel Missiles                 Charms/Air                   2
   e - Slow                           Hexes                        2
   f - Conjure Flame                  Conjuration/Fire             3
   g - Mephitic Cloud                 Conjuration/Poison/Air       3
 v - a book of Misfortune

   Spells                             Type                      Level
   a - Confusing Touch                Hexes                        1
   b - Confuse                        Hexes                        3
   c - Gell's Gravitas                Hexes/Translocation          3
   d - Petrify                        Transmutation/Earth          4
   e - Metabolic Englaciation         Hexes/Ice                    5
   f - Yara's Violent Unravelling     Hexes/Transmutation          5
Comestibles
 c - 5 meat rations
 g - 4 beef jerkies
 p - a royal jelly


   Skills:
 + Level 8.2 Fighting
 + Level 10.9(11.1) Axes
 + Level 3.1(7.7) Maces & Flails
 + Level 1.1 Throwing
 * Level 9.4 Armour
 + Level 2.4 Dodging
 * Level 8.7 Invocations
 + Level 1.3 Evocations


You had 11 spell levels left.
You didn't know any spells.

Dungeon Overview and Level Annotations

Branches:
Dungeon (10/15)            Temple (0/1) D:4            Lair (2/6) D:10
  Swamp (0/4) Lair:2        Snake (0/4) Lair:2
    Orc: D:9-12

Altars:
Cheibriados
Dithmenos
Elyvilon
Fedhas
Gozag
Kikubaaqudgha
Makhleb
Okawaru
Vehumet
Xom
Yredelemnul
Zin

Annotations:
D:7 1 runed door
Abyss:1 Prince Ribbit


Innate Abilities, Weirdness & Mutations

Your body is rotting away.
You thrive on raw meat.
You are immune to poison.
You have sharp fingernails.
You are carnivorous and can eat meat at any time.
Your flesh is cold resistant. (rC+)
You are immune to negative energy. (rN+++)
You regenerate slowly when monsters are visible.
You are immune to unholy pain and torment.
You can survive without breathing.


Message History

You closely miss the crocodile.
The crocodile is lightly wounded.
You closely miss the blink frog. You hit the blink frog.
The blink frog hits you but does no damage. x2
The crocodile closely misses you. The crocodile barely misses you.
You see here a blink frog corpse.
You butcher the blink frog corpse.
The blink frog hits you!
* * * LOW HITPOINT WARNING * * *
The blink frog hits you but does no damage.
The blink frog barely misses you.
The blink frog hits you but does no damage.
Things that are here:
3 chunks of flesh; a blink frog skeleton Eat one of 3 chunks of flesh? (ye/n/q)
You start eating one of the 3 chunks of flesh.
The blink frog barely misses you. The blink frog hits you!
* * * LOW HITPOINT WARNING * * *
The crocodile bites you.
You die...

## ##...# #... .# #....# #... .#
##...# ## ## #... #### ####...###
#.###.####.(.
#..#####.##.....####.##..#.#P#...
.................................
.................................
................FF...............
P##.##..######.t@##P#######.....#
######### ###.F.###### ##....##
#P##########.#....#.#.####.#.....
...................(.............
.........%..........(............
....................(.FF.........
..P.....##..........(............
.#########..........[............
#.# #..............t.........


You could see 3 blink frogs and a crocodile.

Vanquished Creatures
  A wizard (D:10)
  Pikel (D:7)
  2 spiny frogs
  2 komodo dragons
  2 two-headed ogres
  A tyrant leech (Lair:2)
  5 blink frogs (Lair:2)
  2 hippogriffs
  A wraith (D:10)
  A wyvern (D:9)
  9 yaks (D:10)
  The ghost of smzp the Chopper, an amateur HOFi of Beogh (D:3)
  2 hungry ghosts
  A naga (Lair:2)
  A swamp worm (Lair:2)
  The ghost of Kosschaser the Sneak, an amateur VSAs (Sewer)
  4 water moccasins
  4 porcupines
  2 hell hounds (D:10)
  A slave (D:7)
  2 ice beasts
  5 orc warriors
  4 sky beasts
  2 black bears
  3 necrophages
  5 ogres
  The ghost of misty the Skirmisher, an amateur DsAK of Lugonu (D:4)
  A phantom (D:5)
  A centaur (D:7)
  2 crocodiles
  5 big kobolds
  11 bullfrogs
  A wyvern zombie (D:7)
  4 scorpions
  6 killer bees
  2 troll zombies (D:9)
  4 howler monkeys
  A troll skeleton (D:9)
  2 crimson imps
  A centaur zombie (D:7)
  2 bullfrog zombies (D:5)
  A bullfrog skeleton (D:10)
  5 orc priests
  3 hounds
  Crazy Yiuf (D:7)
  A centaur skeleton (D:8)
  3 human zombies (D:9)
  A jelly (D:5)
  15 orc wizards
  Ijyb (D:2)
  Natasha (D:2)
  5 iguanas
  5 worker ants
  A hound zombie (D:5)
  9 gnolls
  A worker ant zombie (D:5)
  11 adders
  A river rat (Sewer)
  3 shadow imps
  4 oozes
  3 adder skeletons
  4 worms
  4 dart slugs
  7 leopard geckos
  32 orcs
  7 giant cockroaches
  32 goblins
  22 hobgoblins
  10 jackals
  23 kobolds
  A quokka (D:8)
  7 ball pythons
  2 bats
  6 frilled lizards
  A leopard gecko skeleton (D:5)
  An orc skeleton (D:9)
  3 orc zombies (D:9)
  2 quokka skeletons (D:5)
  21 rats
  A plant (Lair:2)
370 creatures vanquished.

Vanquished Creatures (others)
  2 spiny frogs
  2 orc warriors (D:5)
  3 electric eels
  An adder (D:7)
  A leopard gecko (D:7)
  2 orcs (D:7)
  4 fungi (Lair:2)
  A plant (Lair:2)
16 creatures vanquished.

Grand Total: 386 creatures vanquished

Notes
Turn   | Place    | Note
-------+----------+-------------------------------------------
     0 | Abyss:1  | Gargoyl the Ghoul Abyssal Knight began the quest for the Orb.
     0 | Abyss:1  | Reached XP level 1. HP: 19/19 MP: 1/1
    13 | Abyss:2  | Found a corrupted altar of Lugonu.
    26 | Abyss:2  | Noticed a lich
    38 | D:1      | Escaped the Abyss
    42 | D:1      | Found a runed door.
   197 | D:1      | Reached skill level 1 in Dodging
   206 | D:1      | Reached skill level 2 in Axes
   206 | D:1      | Reached XP level 2. HP: 24/26 MP: 2/2
   209 | D:1      | Reached * piety under Lugonu
   613 | D:1      | Reached XP level 3. HP: 33/33 MP: 3/3
  1302 | D:2      | Found a blossoming altar of Fedhas.
  1332 | D:2      | Reached XP level 4. HP: 32/40 MP: 4/4
  1488 | D:2      | Reached ** piety under Lugonu
  1563 | D:2      | Noticed Ijyb
  1581 | D:2      | Killed Ijyb
  1625 | D:2      | Reached XP level 5. HP: 36/46 MP: 4/6
  1684 | D:2      | Noticed Natasha
  1694 | D:2      | Killed Natasha
  1694 | D:2      | Reached skill level 3 in Axes
  1796 | D:2      | Found a radiant altar of Vehumet.
  1983 | D:3      | Found a glowing drain.
  2019 | Sewer    | Entered a sewer
  2101 | Sewer    | Noticed a big kobold
  2119 | Sewer    | Killed a big kobold
  2119 | Sewer    | Reached XP level 6. HP: 47/52 MP: 7/7
  2254 | Sewer    | Reached *** piety under Lugonu
  2400 | Sewer    | Noticed Kosschaser's ghost (amateur VSAs)
  2416 | Sewer    | Killed Kosschaser's ghost
  2416 | Sewer    | Reached skill level 4 in Axes
  2416 | Sewer    | Reached XP level 7. HP: 50/60 MP: 8/8
  2610 | D:3      | Found a shadowy altar of Dithmenos.
  2761 | D:3      | Noticed smzp's ghost (amateur HOFi)
  2784 | D:3      | Killed smzp's ghost
  3104 | D:4      | Found a staircase to the Ecumenical Temple.
  3167 | D:4      | Noticed misty's ghost (amateur DsAK)
  3190 | D:4      | Killed misty's ghost
  3190 | D:4      | Reached skill level 5 in Axes
  3518 | D:4      | Reached XP level 8. HP: 45/67 MP: 10/10
  3531 | D:4      | Found a white marble altar of Elyvilon.
  3727 | D:5      | Entered Level 5 of the Dungeon
  3941 | D:5      | Reached **** piety under Lugonu
  3959 | D:5      | Reached skill level 5 in Armour
  4120 | D:5      | Reached skill level 6 in Axes
  4195 | D:5      | Found an iron altar of Okawaru.
  4196 | D:5      | Reached skill level 5 in Fighting
  4672 | D:5      | Reached skill level 5 in Invocations
  4672 | D:5      | Reached XP level 9. HP: 45/74 MP: 11/11
  5220 | D:6      | Found a snail-covered altar of Cheibriados.
  5481 | D:6      | Reached skill level 7 in Axes
  5504 | D:6      | Found a burning altar of Makhleb.
  6427 | D:7      | Found a shimmering altar of Xom.
  6446 | D:7      | Reached skill level 1 in Maces & Flails
  6456 | D:7      | Noticed Pikel
  6478 | D:7      | Killed Pikel
  6527 | D:7      | Noticed Prince Ribbit
  6532 | D:7      | Banished Prince Ribbit
  6675 | D:7      | Found a basalt altar of Yredelemnul.
  6753 | D:7      | Reached XP level 10. HP: 83/83 MP: 13/13
  6926 | D:7      | Found a runed door.
  6928 | D:7      | Found a glowing silver altar of Zin.
  6928 | D:7      | Noticed an angel
  7022 | D:7      | Found a runed door.
  7026 | D:7      | Noticed Crazy Yiuf
  7030 | D:7      | Killed Crazy Yiuf
  7385 | D:7      | Reached skill level 8 in Axes
  7662 | D:8      | Found a glowing silver altar of Zin.
  7888 | D:7      | Reached ***** piety under Lugonu
  8117 | D:8      | Identified a scroll of acquirement
  8556 | D:9      | Found an ancient bone altar of Kikubaaqudgha.
  8975 | D:9      | Reached skill level 9 in Axes
  9210 | D:10     | Entered Level 10 of the Dungeon
  9238 | D:10     | Reached XP level 11. HP: 81/91 MP: 13/15
  9261 | D:10     | Reached skill level 1 in Evocations
  9628 | D:10     | Found a staircase to the Lair.
  9794 | D:10     | Noticed a wizard
  9804 | D:10     | Paralysed by a wizard for 6 turns
  9812 | D:10     | Killed a wizard
  9979 | D:10     | Reached skill level 10 in Axes
 10088 | Lair:1   | Entered Level 1 of the Lair of Beasts
 10526 | Lair:1   | Found an opulent altar of Gozag.
 11224 | Lair:2   | Found a staircase to the Snake Pit.
 11415 | Lair:2   | Found a staircase to the Swamp.
 11583 | Lair:2   | Reached skill level 1 in Throwing
 11605 | Lair:2   | Reached XP level 12. HP: 86/101 MP: 17/17
 12161 | Lair:2   | Got a smoking trident
 12162 | Lair:2   | Identified the +1 trident "Kec Duy" {antimagic, rElec Int+6 SInv} (You found it on level 2 of the Lair of Beasts)
 13111 | Lair:2   | Slain by a crocodile

Skill      XL: |  1  2  3  4  5  6  7  8  9 10 11 |
---------------+----------------------------------+-----
Dodging        | 1 2 |  2.4
Axes           | 2 3 4 5 6 7 9 10 | 10.9
Armour         | 2 3 4 5 6 8 9 |  9.4
Fighting       | 4 5 6 7 8 |  8.2
Invocations    | 3 4 5 6 7 8 |  8.7
Maces & Flails | 2 3 |  3.1
Evocations     | 1 |  1.3
Throwing       | 1 |  1.1

Action                   |  1- 3 |  4- 6 |  7- 9 | 10-12 || total
-------------------------+-------+-------+-------+-------++-------
Melee: War axe           |   105 |   229 |   427 |   109 ||   870
       Flail             |       |       |    86 |    35 ||   121
       Battleaxe         |       |       |       |   644 ||   644
Throw: Javelin           |       |       |     6 |    18 ||    24
Invok: Depart the Abyss  |     1 |       |       |       ||     1
       Banish            |       |       |     7 |     3 ||    10
       Bend Space        |       |       |       |     2 ||     2
 Abil: Evoke Invisibilit |       |       |       |     6 ||     6
Evoke: Wand              |       |     2 |     1 |     4 ||     7
  Use: Scroll            |     2 |     4 |    15 |    18 ||    39
       Potion            |       |       |     8 |       ||     8
 Stab: Paralysed         |       |       |     4 |       ||     4
       Invisible         |       |       |     2 |    15 ||    17
  Eat: Chunk             |    12 |    19 |    60 |   105 ||   196
Armor: Leather armour    |    15 |       |       |       ||    15
       Scale mail        |    34 |    59 |       |       ||    93
       Plate armour      |       |   122 |   522 |   176 ||   820
       Chain mail        |       |       |       |   528 ||   528
Dodge: Dodged            |    72 |    81 |   191 |   371 ||   715
